 Dungeon Crawl Stone Soup version 0.30-b1-2-g02819fbbbe (webtiles) character file.

Game seed: 4746948522608934808

317 Katharsis the Covered (level 6, -3/38 HPs)
             Began as a Gargoyle Fighter on July 31, 2023.
             Killed from afar by Dowan (10 damage)
             ... with a puff of frost
             ... on level 4 of the Dungeon.
             The game lasted 00:11:01 (3499 turns).

Katharsis the Covered (Gargoyle Fighter)            Turns: 3499, Time: 00:11:02

Health: -3/38      AC: 12    Str: 22    XL:     6   Next: 44%
Magic:  6/6        EV:  9    Int:  8    God:
Gold:   118        SH:  4    Dex:  9    Spells: 5/5 levels left

rFire   + . .        a - +0 flail
rCold   x . .        c - +0 buckler
rNeg    + . .        b - +0 scale mail
rPois   ∞            (no helmet)
rElec   +            C - +0 cloak
rCorr   .            (no gloves)
SInv    .            (no boots)
Will    .....        (no amulet) Stlth
                     m - ring of fire
HPRegen 0.26/turn    (no ring)
MPRegen 0.10/turn

%: no passive effects
@: mighty
A: sickness immunity, AC +4, negative energy resistance 1, electricity
resistance, torment resistance 1, petrification resistance
a: no special abilities


You were on level 4 of the Dungeon.
You visited 1 branch of the dungeon, and saw 4 of its levels.
You also visited: Sewer.

You collected 118 gold pieces.

Inventory:

Hand Weapons
 a - a +0 flail (weapon)
 e - a +0 club
 h - a +0 mace
 q - a +1 whip of electrocution
Armour
 b - a +0 scale mail (worn)
 c - a +0 buckler (worn)
 C - a +0 cloak (worn)
Magical Staves
 o - a staff of earth
 z - a staff of air
Jewellery
 m - a ring of fire (left hand)
 u - a ring of resist corrosion
Wands
 v - a wand of light (9)
Scrolls
 g - a scroll of torment {unknown}
 i - a scroll of enchant weapon {unknown}
 l - a scroll of teleportation {unknown}
 n - 2 scrolls of noise {unknown}
 r - a scroll of immolation {unknown}
 s - a scroll of identify {unknown}
 y - a scroll of amnesia {unknown}
 A - a scroll of blinking {unknown}
Potions
 f - a potion of curing {unknown}
 j - a potion of heal wounds {unknown}
 k - 2 potions of lignification {unknown}
 p - a potion of flight {unknown}
 t - 2 potions of attraction {unknown}
 w - 2 potions of mutation {unknown}
 x - a potion of magic {unknown}
 B - a potion of degeneration {unknown}


   Skills:
 + Level 4.2 Fighting
 + Level 4.1 Maces & Flails
 + Level 4.6 Armour
 + Level 1.3 Dodging
 + Level 0.3 Stealth
 + Level 4.3 Shields


You had 5 spell levels left.
You didn't know any spells.
Your spell library contained the following spells:

 Spells                   Type           Power      Damage    Failure   Level
 Ensorcelled Hibernation  Hex/Ice        0%         N/A       90%         2
 Spider Form              Tmut/Pois      0%         N/A       99%         3
 Vhi's Electric Charge    Tloc/Air       0%         N/A       99%         3
 Anguish                  Hex/Necr       0%         N/A       100%        4
 Arcjolt                  Conj/Air       0%         1d10      100%        5
 Plasma Beam              Fire/Air       0%         2x1d11    100%        6


Dungeon Overview and Level Annotations

Branches:
Dungeon (4/15)              Sewer (visited)
 Temple: D:4-7

Altars:
Gozag
Vehumet

Annotations:
D:4 Dowan, Duvessa


Innate Abilities, Weirdness & Mutations

You are immune to sickness and miasma.
Your stone body is resilient. (AC +4)
You are immune to poison.
You resist negative energy. (rN+)
You are resistant to electric shocks. (rElec)
You are resistant to unholy torment.
You are immune to petrification.


Message History

The goblin shouts!
You closely miss the goblin. The goblin hits you but does no damage.
You sock the goblin!
You kill the goblin!
Things that are here:
a +0 dagger; a goblin corpse Why would you want to do that?
Found a stone staircase leading up.
Duvessa, Sister of Dowan comes into view.
She is wielding a +0 short sword.
Duvessa shouts!
You closely miss Duvessa. Duvessa barely misses you.
You sock Duvessa!
Duvessa is moderately wounded.
Dowan, Brother of Duvessa comes into view.
He is wielding a +0 dagger and carrying a wand of light (3).
You hit Duvessa.
Duvessa is moderately wounded.
Duvessa closely misses you.
You hit Duvessa.
Duvessa is heavily wounded.
Duvessa hits you but does no damage.
Dowan points at you and mumbles some strange words.
The puff of frost hits you.
You feel a terrible chill! Duvessa hits you with a +0 short sword.
Dowan says, "My weaknesses are her strengths!"
Dowan gestures at you while chanting. The puff of frost hits you!
You feel a terrible chill!
You thump Duvessa!
Duvessa is severely wounded.
Duvessa says, "When magic and the sword combine, nothing stands against them."
Duvessa hits you but does no damage. Dowan hits you with a +0 dagger.
You feel very mighty all of a sudden. Dowan casts a spell at you.
The puff of frost hits you!
You feel a terrible chill!
* * * LOW HITPOINT WARNING * * *
Duvessa barely misses you.
You thump Duvessa!
Duvessa is almost dead.
Dowan gestures at you while chanting. The puff of frost hits you!
You feel a terrible chill!
You die...

#.~.~~~~.~......
#.~.~..♣~♣~... #
#.....~......
.####.~≈)~...~...
......≈.~.~.≈....
..#...~≈.~~≈.~...
#....#...~≈~.#.
##..~..~~~..##
#@~..≈~≈~....
......ee.~≈.≈.~.♣#..
#............###.# .
#..<........## ...
.#..........# ..
............#
#.....#....##
#..####....#


You could see Duvessa and Dowan.

Vanquished Creatures
  A water moccasin (Sewer)
  A phantom (D:3)
  An iguana (D:3)
  4 adders
  3 dart slugs
  4 ball pythons
  4 endoplasms
  3 giant cockroaches
  4 goblins
  10 hobgoblins
  11 jackals
  7 quokkas
  3 bats
  3 frilled lizards
  4 kobolds
  4 rats
67 creatures vanquished.

Notes
Turn   | Place    | Note
-------+----------+-------------------------------------------
     0 | D:1      | Katharsis the Gargoyle Fighter began the quest for the Orb.
     0 | D:1      | Reached XP level 1. HP: 14/14 MP: 1/1
   239 | D:1      | Reached XP level 2. HP: 19/19 MP: 2/2
   836 | D:1      | Found a faded altar of an unknown god.
   962 | D:2      | Reached XP level 3. HP: 23/24 MP: 3/3
  2198 | D:2      | Reached XP level 4. HP: 28/29 MP: 4/4
  2544 | D:3      | Found a glowing drain.
  2548 | Sewer    | Entered a sewer
  2633 | Sewer    | Noticed a water moccasin
  2658 | Sewer    | Killed a water moccasin
  2659 | Sewer    | Reached skill level 1 in Dodging
  2659 | Sewer    | Reached XP level 5. HP: 17/33 MP: 5/5
  2944 | D:3      | Reached XP level 6. HP: 34/38 MP: 6/6
  3333 | D:3      | Found an opulent altar of Gozag.
  3333 | D:3      | Found a radiant altar of Vehumet.
  3489 | D:4      | Noticed Duvessa
  3494 | D:4      | Noticed Dowan
  3499 | D:4      | Killed from afar by Dowan

Illustrated notes

Levels and vault maps discovered:
D:1:      psy_arrival_statuary, layout_loops_ring, basic_ecumenical_altar
D:2:      layout_basic, kennysheep_generic_room_8
D:3:      layout_loops_ring, gammafunk_temple_overflow_statue,
          gup_sewer_entry_bowl
D:4:      layout_cave_pools, amcnicky_altar_gilded,
          mainiacjoe_overflow_chevrons, serial_rivers,
          chequers_serial_rivers_small_3, chequers_serial_rivers_micro_d,
          chequers_serial_rivers_small_b, chequers_serial_rivers_marsh,
          chequers_serial_rivers_micro_e, uniq_duvessa

Skill      XL: |  1  2  3  4  5  6 |
---------------+-------------------+-----
Maces & Flails | 3 4 |  4.1
Fighting       | 4 |  4.2
Armour         | 4 |  4.6
Dodging        | 1 |  1.3
Shields        | 4 |  4.3
Stealth        | |  0.3

Action                     |  1- 3 |  4- 6 || total
---------------------------+-------+-------++-------
  Melee: Flail             |   105 |   127 ||   232
    Use: Potion            |       |     2 ||     2
 Armour: Scale mail        |    76 |    88 ||   164
  Dodge: Dodged            |    81 |    89 ||   170
  Block: Buckler           |    42 |    40 ||    82
